 Dungeon Crawl Stone Soup version 0.18.1-5-g4a78601 (webtiles) character file.

123 epen the Cudgeler (level 5, -9/31 HPs)
             Began as a Gargoyle Gladiator on May 13, 2016.
             Killed by divine providence
             ... invoked by an orc priest
              (15 damage)
             ... on level 3 of the Dungeon.
             The game lasted 00:02:27 (1667 turns).

epen the Cudgeler (Gargoyle Gladiator)              Turns: 1667, Time: 00:02:27

Health: -9/31      AC: 11    Str: 20    XL:     5   Next: 7%
Magic:  5/5        EV: 10    Int:  8    God:
Gold:   152        SH:  0    Dex: 10    Spells: 0 memorised, 4 levels left

rFire  . . .     SeeInvis .     a - +0 flail
rCold  . . .     Gourm    .     g - +0 scale mail (curse)
rNeg   + . .     Faith    .     (no shield)
rPois  ∞         Spirit   .     c - +0 helmet
rElec  +         Dismiss  .     (no cloak)
rCorr  .         Reflect  .     (no gloves)
SustAt .         Harm     .     (no boots)
MR     .....                    (no amulet)
Stlth  ..........               (no ring)
                                (no ring)

@: not resistant to hostile enchantments, extremely unstealthy
A: negative energy resistance 1, electricity resistance, unbreathing,
petrification resistance, rot immunity, AC +4
a: no special abilities


You were on level 3 of the Dungeon.
You were not hungry.

You visited 1 branch of the dungeon, and saw 3 of its levels.

You collected 152 gold pieces.

Inventory:

Hand Weapons
 a - a +0 flail (weapon)
Missiles
 d - 3 throwing nets (quivered)
Armour
 b - a +0 leather armour
 c - a +0 helmet (worn)
 g - a cursed +0 scale mail (worn)
Scrolls
 e - a scroll of fear {unknown}
 h - a scroll of recharging {unknown}
 j - a scroll of teleportation {unknown}
 k - a scroll of immolation {unknown}
 l - a scroll of identify {unknown}
 n - a scroll of enchant weapon {unknown}
 p - a scroll of remove curse {unknown}
 q - a scroll of magic mapping {unknown}
Potions
 i - a potion of flight {unknown}
 m - a potion of heal wounds {unknown}
 s - a potion of invisibility {unknown}
 u - 2 potions of resistance {unknown}
Comestibles
 f - 3 bread rations
 o - a slice of pizza
 r - a meat ration


   Skills:
 + Level 2.6 Fighting
 * Level 4.1 Maces & Flails
 - Level 1.7 Throwing
 + Level 2.0 Armour
 * Level 3.3 Dodging


You had 4 spell levels left.
You didn't know any spells.

Dungeon Overview and Level Annotations

Branches:
Dungeon (3/15)

Altars:
Ashenzari
Kikubaaqudgha


Innate Abilities, Weirdness & Mutations

You are resistant to torment.
Your stone body is resilient (AC +4).
You are immune to poison.
You resist negative energy.
You are resistant to electric shocks.
You can survive without breathing.
You are immune to petrification.
You are immune to rotting.


Message History

The orc is severely wounded.
The orc hits you but does no damage.
You hit the orc.
You kill the orc!
The orc priest hits you with a hand axe.
Your scale mail prevents you from hitting the orc priest.
The orc priest mumbles some strange prayers to Beogh against you.
Beogh smites you!
* * * LOW HITPOINT WARNING * * *
You are too injured to fight recklessly!
You are too injured to fight recklessly!
You are too injured to fight recklessly!
You barely miss the orc priest.
The orc priest hits you but does no damage.
You closely miss the orc priest. The orc priest completely misses you.
The orc priest mumbles some strange prayers to Beogh against you.
You barely resist.
The orc priest mumbles some strange prayers to Beogh against you.
Beogh smites you!
You die...

.####..# .......#
.#####.# .# ##.#
.####..# ......##
##.#### ##.#####
######### .......#
#%o..@..# .#.###.#
#.#####.##
...###.#####.##......
.##.....†...†.).# #.#
.##.##.#####.#### #
.##.##.# #...
.......# #.....
####)### ####### #.#


You could see an orc priest.

Vanquished Creatures
  Ijyb (D:2)
  3 adders
  5 orcs (D:3)
  2 giant cockroaches
  7 goblins
  7 hobgoblins
  9 jackals (D:2)
  13 kobolds
  A quokka (D:2)
  A ball python (D:1)
  6 bats
  A giant newt (D:2)
  5 rats
61 creatures vanquished.

Vanquished Creatures (others)
  A human (D:3)
1 creature vanquished.

Grand Total: 62 creatures vanquished

Notes
Turn   | Place    | Note
--------------------------------------------------------------
     0 | D:1      | epen the Gargoyle Gladiator began the quest for the Orb.
     0 | D:1      | Reached XP level 1. HP: 12/12 MP: 1/1
   171 | D:1      | Reached XP level 2. HP: 15/17 MP: 2/2
   438 | D:1      | Reached skill level 1 in Armour
   813 | D:2      | Reached XP level 3. HP: 21/22 MP: 3/3
   986 | D:2      | Found a faded altar to an unknown god.
  1147 | D:2      | Noticed Ijyb
  1189 | D:2      | Killed Ijyb
  1189 | D:2      | Reached XP level 4. HP: 22/27 MP: 4/4
  1192 | D:2      | Reached skill level 4 in Maces & Flails
  1469 | D:3      | Found an ancient bone altar of Kikubaaqudgha.
  1469 | D:3      | Noticed a human
  1473 | D:3      | Killed a human
  1518 | D:3      | Found a shattered altar of Ashenzari.
  1647 | D:3      | Reached XP level 5. HP: 31/31 MP: 5/5
  1667 | D:3      | Killed from afar by an orc priest

Skill      XL: |  1  2  3  4  5 |
---------------+----------------+-----
Armour         | 1 2 |  2.0
Dodging        | 3 |  3.3
Maces & Flails | 4 |  4.1
Fighting       | |  2.6
Throwing       | |  1.7

Action                   |  1- 3 |  4- 6 || total
-------------------------+-------+-------++-------
Melee: Flail             |   185 |    59 ||   244
  Eat: Chunk             |     1 |     2 ||     3
Armor: Leather armour    |    26 |       ||    26
       Scale mail        |   103 |    23 ||   126
Dodge: Dodged            |   179 |    32 ||   211
